 Dungeon Crawl Stone Soup version 0.19.5 (webtiles) character file.

3737 Jerry the Cleaver (level 10, -3/91 HPs)
             Began as a Hill Orc Fighter on Mar 23, 2017.
             Was an Initiate of Okawaru.
             Slain by Jerry's ghost (12 damage)
             ... on level 7 of the Dungeon.
             The game lasted 00:18:26 (7265 turns).

Jerry the Cleaver (Hill Orc Fighter)                Turns: 7265, Time: 00:18:26

Health: -3/91      AC: 20    Str: 21    XL:     10   Next: 15%
Magic:  10/10      EV:  8    Int:  8    God:    Okawaru [......]
Gold:   235        SH:  5    Dex: 12    Spells: 0 memorised, 9 levels left

rFire  + . .     SeeInvis .     a - +1 war axe
rCold  + . .     Gourm    .     v - +1 chain mail {rF+}
rNeg   . . .     Faith    .     u - +0 buckler
rPois  .         Spirit   .     t - +2 helmet
rElec  .         Reflect  .     B - +2 cloak
rCorr  .         Harm     .     (no gloves)
MR     .....                    j - +0 pair of boots
Stlth  ..........               r - amulet of regeneration
                                E - ring of wizardry
                                C - ring of protection from cold

@: exhausted, slowed, very slow
A: no striking features
a: Renounce Religion


You were on level 7 of the Dungeon.
You worshipped Okawaru.
Okawaru was noncommittal.
You were hungry.

You visited 2 branches of the dungeon, and saw 8 of its levels.

You collected 235 gold pieces.

Inventory:

Hand Weapons
 a - a +1 war axe (weapon)
 w - a +2 flail of draining
 x - a +2 mace of venom
Armour
 j - a +0 pair of boots (worn)
 t - a +2 helmet (worn)
 u - a +0 buckler (worn)
 v - a +1 chain mail of fire resistance (worn)
 B - a +2 cloak (worn)
Jewellery
 r - an amulet of regeneration (around neck)
 C - a ring of protection from cold (left hand)
 E - a ring of wizardry (right hand)
Scrolls
 h - 2 scrolls of identify
 i - a scroll of enchant weapon
 m - a scroll of blinking {unknown}
 q - 4 scrolls of teleportation {unknown}
 s - 2 scrolls of noise {unknown}
 y - a scroll of enchant armour {unknown}
 D - a scroll of recharging
 G - a scroll of remove curse
Potions
 d - 2 potions of invisibility
 e - 3 potions of mutation
 k - 4 potions of resistance
 l - 2 potions of flight
 n - 4 potions of lignification
 p - 2 potions of heal wounds
 z - a potion of brilliance
 A - a potion of curing
 F - a potion of degeneration {unknown}
Comestibles
 b - 3 chunks of flesh
 f - 4 bread rations
 g - 5 meat rations


   Skills:
 + Level 9.2 Fighting
 * Level 12.6 Axes
 + Level 8.2 Armour
 - Level 5.0 Shields


You had 9 spell levels left.
You didn't know any spells.

Dungeon Overview and Level Annotations

Branches:
Dungeon (7/15)             Temple (1/1) D:7

Altars:
Ashenzari
Cheibriados
Dithmenos
Elyvilon
Fedhas
Gozag
Hepliaklqana
Kikubaaqudgha
Makhleb
Nemelex Xobeh
Okawaru
Qazlal
Ru
Sif Muna
Trog
Uskayaw
Vehumet
Xom
Yredelemnul
Zin
The Shining One

Annotations:
D:7 Jerry's ghost, novice HOFi


Message History

Jerry's ghost is heavily damaged.
Jerry's ghost closely misses you.
You hit Jerry's ghost but do no damage.
Jerry's ghost is heavily damaged.
Jerry's ghost hits you!
* * * LOW HITPOINT WARNING * * *
You barely miss Jerry's ghost.
Jerry's ghost is heavily damaged.
Jerry's ghost hits you!
* * * LOW HITPOINT WARNING * * *
Jerry's ghost says, "Try not to bleed too much."
Jerry's ghost hits you but does no damage.
Jerry's ghost says, "They lied to you.
The Dungeon just goes down and down forever."
Jerry's ghost hits you.
* * * LOW HITPOINT WARNING * * *
You are feeling hungry.
Jerry's ghost hits you.
* * * LOW HITPOINT WARNING * * *
Jerry's ghost hits you!
You die...

#.# #.# #.# #.# #.#
. #.# ... #.#
.....############.#
......h.hhh5W@....#
....###############
.


You could see Jerry's ghost, a shadow imp and 4 jackals.

Vanquished Creatures
  Pikel (D:6)
  2 hippogriffs
  The ghost of Azm the Magician, an amateur OpWz of Ru (D:5)
  Sigmund (D:3)
  Edmund (D:6)
  The ghost of Ebilmort the Magician, an amateur OpWz (D:3)
  An ice beast (D:4)
  5 ogres
  The ghost of Goboxel the Slasher, an amateur HEGl (D:4)
  A bullfrog (D:7)
  A wyvern skeleton (D:6)
  4 scorpions
  6 killer bees (D:7)
  A howler monkey (D:6)
  A crimson imp (D:6)
  A bullfrog zombie (D:6)
  A bullfrog skeleton (D:7)
  An orc priest (D:3)
  A hound (D:4)
  Crazy Yiuf (D:2)
  A centaur skeleton (D:6)
  16 orc wizards
  Ijyb (D:3)
  Jessica (D:3)
  Natasha (thrice) (D:4)
  An iguana (D:5)
  Terence (D:3)
  4 worker ants
  2 hound skeletons
  A howler monkey zombie (D:5)
  3 gnolls (D:2)
  An adder (D:3)
  A shadow imp (D:7)
  2 oozes
  3 worms (D:3)
  4 dart slugs
  4 leopard geckos
  24 orcs
  7 giant cockroaches
  12 goblins
  7 hobgoblins
  18 jackals
  5 kobolds
  3 quokkas
  10 bats
  A frilled lizard (D:2)
  A quokka skeleton (D:6)
  9 rats
  A fungus (D:2)
180 creatures vanquished.

Vanquished Creatures (others)
  An orc wizard (D:4)
  A leopard gecko (D:6)
2 creatures vanquished.

Grand Total: 182 creatures vanquished

Notes
Turn   | Place    | Note
-------+----------+-------------------------------------------
     0 | D:1      | Jerry the Hill Orc Fighter began the quest for the Orb.
     0 | D:1      | Reached XP level 1. HP: 19/19 MP: 1/1
    72 | D:1      | Reached skill level 3 in Axes
    94 | D:1      | Reached XP level 2. HP: 22/27 MP: 2/2
   865 | D:2      | Reached XP level 3. HP: 28/33 MP: 3/3
  1023 | D:2      | Reached skill level 4 in Axes
  1678 | D:2      | Reached XP level 4. HP: 32/41 MP: 4/4
  1953 | D:2      | Found a runed door.
  1959 | D:2      | Noticed Crazy Yiuf
  1962 | D:2      | Killed Crazy Yiuf
  1962 | D:2      | Reached XP level 5. HP: 44/47 MP: 5/5
  1984 | D:3      | Noticed Jessica
  1995 | D:3      | Killed Jessica
  1995 | D:3      | Reached skill level 5 in Axes
  2010 | D:3      | Noticed Ebilmort's ghost (amateur OpWz)
  2103 | D:3      | Killed Ebilmort's ghost
  2103 | D:3      | Reached skill level 5 in Fighting
  2103 | D:3      | Reached XP level 6. HP: 45/56 MP: 6/6
  2264 | D:3      | Noticed Sigmund
  2732 | D:3      | Found a blossoming altar of Fedhas.
  2806 | D:3      | Reached skill level 6 in Axes
  2957 | D:3      | Noticed Terence
  2966 | D:3      | Killed Terence
  3041 | D:3      | Noticed Ijyb
  3068 | D:3      | Killed Ijyb
  3298 | D:3      | Reached XP level 7. HP: 61/61 MP: 7/7
  3436 | D:3      | Killed Sigmund
  3436 | D:3      | Reached skill level 5 in Armour
  3523 | D:4      | Noticed Goboxel's ghost (amateur HEGl)
  3536 | D:4      | Killed Goboxel's ghost
  3536 | D:4      | Reached skill level 7 in Axes
  3538 | D:4      | Reached skill level 5 in Shields
  3765 | D:4      | Reached XP level 8. HP: 49/70 MP: 8/8
  4017 | D:4      | Reached skill level 8 in Axes
  4383 | D:4      | Noticed Natasha
  4387 | D:4      | Killed Natasha
  4524 | D:4      | Noticed Natasha
  4532 | D:4      | Killed Natasha
  4551 | D:4      | Noticed Natasha
  4556 | D:4      | Killed Natasha
  4961 | D:5      | Entered Level 5 of the Dungeon
  5096 | D:5      | Reached skill level 9 in Axes
  5213 | D:5      | Noticed Azm's ghost (amateur OpWz)
  5230 | D:5      | Killed Azm's ghost
  5713 | D:6      | Reached skill level 10 in Axes
  5713 | D:6      | Reached XP level 9. HP: 73/79 MP: 9/9
  5910 | D:6      | Noticed Edmund
  5914 | D:6      | Noticed Pikel
  5939 | D:6      | Killed Pikel
  5939 | D:6      | Reached skill level 11 in Axes
  5945 | D:6      | Killed Edmund
  6113 | D:7      | Found a staircase to the Ecumenical Temple.
  6321 | D:7      | Reached skill level 12 in Axes
  6446 | D:7      | Noticed Jerry's ghost (novice HOFi)
  6452 | D:7      | Reached XP level 10. HP: 90/90 MP: 10/10
  6708 | Temple   | Entered the Ecumenical Temple
  6817 | Temple   | Became a worshipper of Warmaster Okawaru
  7265 | D:7      | Slain by Jerry's ghost

Skill      XL: |  1  2  3  4  5  6  7  8  9 10 |
---------------+-------------------------------+-----
Axes           | 3 4 5 6 7 10 12 | 12.6
Fighting       | 4 5 6 7 8 9 |  9.2
Armour         | 4 5 6 7 8 |  8.2
Shields        | 4 5 |  5.0

Action                   |  1- 3 |  4- 6 |  7- 9 | 10-12 || total
-------------------------+-------+-------+-------+-------++-------
Melee: War axe           |   114 |   183 |   378 |    84 ||   759
  Use: Potion            |       |     1 |     1 |     1 ||     3
       Scroll            |       |       |    11 |       ||    11
  Eat: Chunk             |     3 |     4 |    10 |     1 ||    18
       Beef jerky        |       |     1 |       |       ||     1
       Pizza             |       |       |       |     1 ||     1
Armor: Scale mail        |    90 |   116 |    84 |       ||   290
       Chain mail        |       |       |   196 |    55 ||   251
Dodge: Dodged            |    86 |   104 |   154 |    18 ||   362
Block: Buckler           |       |       |    18 |    13 ||    31
